 Dungeon Crawl Stone Soup version 0.20.1-1-g8b1a95d (webtiles) character file.

213182 Monsterracer the Deadly Accurate (level 18, -6/202 HPs)
             Began as an Ogre Arcane Marksman on Oct 5, 2017.
             Was the Champion of Okawaru.
             Mangled by a two-headed ogre
             ... wielding a +0 giant club
             ... summoned by a boggart
              (14 damage)
             ... while paralysed by an ogre mage
             ... on level 1 of the Vaults on Oct 10, 2017.
             The game lasted 02:15:31 (53530 turns).

Monsterracer the Deadly Accurate (OgAM)            Turns: 53530, Time: 02:15:32

Health: -6/202     AC: 17    Str: 25      XL:     18   Next: 95%
Magic:  0/30       EV:  1    Int: 14      God:    Okawaru [******]
Gold:   749        SH:  0    Dex: 10 (11) Spells: 13/23 levels left

rFire    . . .     SeeInvis .   a - +3 trident (venom)
rCold    + . .     Gourm    .   Y - +1 shield {rPois}
rNeg     . . .     Faith    .   R - +0 acid dragon scales
rPois    +         Spirit   +   h - +0 hat of Maivomad {rElec rC+ Regen+ Slay+2}
rElec    +         Reflect  .   W - +1 cloak {+Inv}
rCorr    +         Harm     .   (gloves unavailable)
MR       ++...                  (boots unavailable)
Stlth    +.........             L - amulet of guardian spirit
Regen    0.9/turn               X - ring of Oblikaf {MR+ MP+9}
MPRegen  0.3/turn               U - +4 ring of protection

@: paralysed
A: unfitting armour, slimy green scales 1, agile 1, low mp 1, tough skin 1
}: 1/15 runes: gossamer
a: Heroism, Finesse, Renounce Religion, Evoke Invisibility


You were on level 1 of the Vaults.
You worshipped Okawaru.
Okawaru was exalted by your worship.
You were not hungry.

You visited 7 branches of the dungeon, and saw 30 of its levels.

You collected 2606 gold pieces.
You spent 1857 gold pieces at shops.

Inventory:

Hand Weapons
 a - a +3 trident of venom (weapon)
 b - a +5 blowgun
Missiles
 d - 4 steel javelins
 n - 7 javelins
 s - 20 curare-tipped needles
 u - 4 throwing nets
 A - 8 silver javelins
 C - 2 needles of paralysis
 D - 29 large rocks
 H - 11 poisoned tomahawks
 I - 11 needles of confusion
 N - 5 javelins of penetration
 S - 5 javelins of returning (quivered)
 V - 7 needles of frenzy
Armour
 h - the +0 hat of Maivomad (worn) {rElec rC+ Regen+ Slay+2}
   (Okawaru gifted it to you on level 1 of the Spider Nest)

   It affects your accuracy and damage with ranged weapons and melee attacks
   (+2).
   It protects you from cold.
   It insulates you from electricity.
   It increases your rate of regeneration.
 B - a scarf of resistance
 R - +0 acid dragon scales (worn)
 W - a +1 cloak of invisibility (worn)
 Y - a +1 shield of poison resistance (worn)
Jewellery
 p - an uncursed ring of poison resistance
 L - an amulet of guardian spirit (around neck)
 U - a +4 ring of protection (right hand)
 X - the ring of Oblikaf (left hand) {MR+ MP+9}
   (You bought it in a shop on level 2 of the Orcish Mines)

   [ring of protection from magic]

   It affects your resistance to hostile enchantments.
   It affects your magic capacity (+9).
 Z - an uncursed ring of protection from fire
Wands
 l - a wand of scattershot (3/9)
 w - a wand of digging (15/24)
 y - a wand of digging (12/24)
 F - a wand of clouds (5/9)
Scrolls
 e - 13 scrolls of remove curse
 o - 8 scrolls of teleportation
 q - 3 scrolls of recharging
 M - 4 scrolls of magic mapping
 O - a scroll of summoning
 P - 3 scrolls of fog
 Q - a scroll of identify
 T - 2 scrolls of fear
Potions
 i - 2 potions of resistance
 j - 5 potions of ambrosia
 k - 2 potions of berserk rage
 m - a potion of haste
 r - 13 potions of curing
 v - 3 potions of mutation
 z - 3 potions of might
 E - 5 potions of brilliance
 G - 8 potions of flight
 J - a potion of cancellation
 K - 4 potions of heal wounds
Comestibles
 f - 13 bread rations
 g - 3 fruits
 t - 9 royal jellies
 x - 4 meat rations


   Skills:
 + Level 17.7 Fighting
 + Level 13.1 Polearms
 * Level 19.2 Throwing
 - Level 8.5 Armour
 + Level 9.9 Dodging
 - Level 9.2 Shields
 - Level 0.6 Unarmed Combat
 - Level 3.0 Spellcasting
 - Level 2.6 Hexes
 - Level 8.1 Invocations


You had 13 spell levels left.
You knew the following spells:

 Your Spells              Type           Power        Failure   Level  Hunger
a - Summon Butterflies    Summ           #.......     26%         1    #......
b - Portal Projectile     Hex/Tloc       #.....       41%         3    ###....
c - Animate Skeleton      Necr           N/A          26%         1    #......
d - Blink                 Tloc           N/A          36%         2    ##.....
e - Passwall              Tmut/Erth      #.........   36%         2    ##.....
z - Apportation           Tloc           #.....       26%         1    #......


Dungeon Overview and Level Annotations

Branches:
Dungeon (15/15)            Temple (1/1) D:5            Lair (6/6) D:10
 Shoals (1/4) Lair:2       Spider (4/4) Lair:3        Slime (0/5) Lair:5
    Orc (2/2) D:11            Elf (0/3) Orc:2        Vaults (1/5) D:13
 Depths (0/5) D:15

Altars:
Ashenzari
Cheibriados
Dithmenos
Elyvilon
Fedhas
Gozag
Hepliaklqana
Kikubaaqudgha
Makhleb
Nemelex Xobeh
Okawaru
Qazlal
Ru
Sif Muna
Trog
Uskayaw
Vehumet
Xom
Yredelemnul
Zin
The Shining One
Beogh
Jiyva

Shops:
D:14 ?   Orc:2 ([*=


Innate Abilities, Weirdness & Mutations

You are too large for most types of armour.
You have tough skin. (AC +1)
You are partially covered in slimy green scales. (AC +2)
You are agile. (Dex +2)
Your magical capacity is low. (-10% MP)


Message History

* * * LOW HITPOINT WARNING * * *
The ogre mage hits you.
* * * LOW HITPOINT WARNING * * *
The two-headed ogre hits you with a giant club.
* * * LOW HITPOINT WARNING * * *
The two-headed ogre hits you but does no damage.
The yaktaur hits you but does no damage.
The two-headed ogre hits you with a giant club!
* * * LOW HITPOINT WARNING * * *
The two-headed ogre hits you with a giant club!
* * * LOW HITPOINT WARNING * * *
The two-headed ogre hits you with a dire flail!
* * * LOW HITPOINT WARNING * * *
The two-headed ogre hits you with a giant spiked club!!
* * * LOW MAGIC WARNING * * *
* * * LOW HITPOINT WARNING * * *
The ogre mage hits you but does no damage.
The yaktaur hits you.
* * * LOW MAGIC WARNING * * *
* * * LOW HITPOINT WARNING * * *
The two-headed ogre hits you with a giant club!
* * * LOW MAGIC WARNING * * *
* * * LOW HITPOINT WARNING * * *
The two-headed ogre hits you but does no damage.
The two-headed ogre hits you with a giant club!!
* * * LOW MAGIC WARNING * * *
* * * LOW HITPOINT WARNING * * *
The two-headed ogre hits you with a giant club!
* * * LOW MAGIC WARNING * * *
You die...

#...†∩....# #..##..## #.........#
#..##..## #.........# #..#.##.#
###'#####################..######
.........((......................
..........(..........(...........
..........[(..######)##..........
##########.(..#OO)....#/.........
'....Oc@...(.#..........
#)(.g#OO...).#...?......
#....#.(.....#..........
#....#.......#...#######
#.(..#..)....#..[#......
#.(..#.......#...#......
#....'...?...#...#......
#######''#####..(#......
#....).#......


You could see 4 two-headed ogres, an ogre mage, a yaktaur and a boggart.

Vanquished Creatures
  Rupert (D:13)
  Frances (D:13)
  Kirke (Spider:2)
  Gastronok (Lair:1)
  The ghost of vineage the Fencer, an adept DsFi of Okawaru (Spider:1)
  A vault warden (Vaults:1)
  3 ghost moths (Spider:4)
  An orc warlord (Orc:2)
  7 emperor scorpions
  An ironheart preserver (D:13)
  A stone giant (Vaults:1)
  3 entropy weavers
  Azrael (D:13)
  3 spark wasps (Spider:4)
  An ettin (Vaults:1)
  A fire dragon (D:14)
  4 vault guards (D:13)
  Erolcha (D:11)
  Harold (Lair:1)
  A catoblepas (shapeshifter) (D:13)
  12 hydras
  2 catoblepae
  19 two-headed ogres
  2 centaur warriors
  Erica (D:9)
  A tengu warrior (D:13)
  3 ogre magi
  3 orc high priests (Orc:2)
  Urug (D:10)
  A deep elf knight (Vaults:1)
  Sonja (D:11)
  Nergalle (Lair:4)
  9 skeletal warriors
  3 unseen horrors
  3 wizards
  A quicksilver dragon simulacrum (Vaults:1)
  3 deep elf archers (Vaults:1)
  An ironbrand convoker (Vaults:1)
  8 orc knights
  3 deep trolls (D:13)
  Pikel (D:7)
  2 necromancers
  A phantasmal warrior (D:15)
  20 orb spiders
  A stone giant zombie (Vaults:1)
  A manticore (D:15)
  2 deep elf magi
  4 orc sorcerers (Orc:2)
  2 cyclopes
  12 ugly things
  46 wolf spiders
  7 moths of wrath
  An elf zombie (D:15)
  3 elephants (Lair:5)
  A black mamba (Lair:6)
  Joseph (D:7)
  3 torpor snails
  A titan simulacrum (Vaults:1)
  27 spiny frogs
  2 gargoyles
  17 demonic crawlers
  A freezing wraith (Vaults:1)
  2 rime drakes (Lair:6)
  2 ice devils (D:12)
  12 komodo dragons
  7 yaktaurs (Vaults:1)
  A yaktaur skeleton (D:15)
  10 trolls
  A polar bear (Lair:5)
  43 jumping spiders
  3 meliai (D:13)
  8 hornets
  3 tyrant leeches (Lair:6)
  2 snapping turtles
  An ice dragon zombie (D:15)
  9 slime creatures
  31 blink frogs
  15 hippogriffs
  A hippogriff (shapeshifter) (Vaults:1)
  A spriggan zombie (D:15)
  2 human simulacra (Vaults:1)
  84 redbacks
  2 vampires
  A shadow (D:10)
  An ettin skeleton (Vaults:1)
  22 tarantellas
  A wraith (D:13)
  2 wyverns
  A human (D:9)
  3 water elementals (D:12)
  40 yaks
  3 hogs
  3 fire elementals (D:13)
  Grum (D:8)
  3 basilisks
  3 hungry ghosts
  9 vampire mosquitoes
  Menkaure (D:7)
  5 wargs
  3 acid dragons
  2 soldier ants (D:12)
  11 water moccasins
  The ghost of Rhok the Grasshopper, an amateur FeWr of Fedhas (D:6)
  3 porcupines
  4 hell hounds (D:13)
  43 orc warriors
  21 ogres
  5 phantoms
  A black bear (D:11)
  5 ice beasts
  A necrophage (D:12)
  9 sky beasts
  2 boggarts (Vaults:1)
  12 wolves
  12 centaurs
  An elf skeleton (Vaults:1)
  10 crocodiles
  3 big kobolds
  26 bullfrogs
  A gnoll sergeant (D:9)
  6 scorpions
  4 killer bees (D:12)
  14 wights
  5 howler monkeys
  16 electric eels
  9 crimson imps
  A bullfrog zombie (D:11)
  8 centaur zombies
  3 jellies
  15 hounds
  7 centaur skeletons
  21 orc priests
  2 bullfrog skeletons
  A gnoll shaman (D:7)
  5 iguanas
  34 orc wizards
  13 worker ants
  A killer bee zombie (D:8)
  3 hound zombies
  A mummy (D:15)
  A howler monkey zombie (D:10)
  A worker ant zombie (D:9)
  15 gnolls
  9 adders
  A howler monkey skeleton (D:9)
  3 shadow imps
  An ooze (D:4)
  An adder skeleton (D:8)
  8 worms
  8 leopard geckos
  114 orcs
  7 giant cockroaches
  10 goblins
  11 hobgoblins
  4 jackals
  29 kobolds
  6 quokkas
  3 ball pythons
  6 bats
  8 frilled lizards
  A quokka skeleton (D:5)
  A quokka zombie (D:8)
  5 rats
  A bush (D:7)
  2 plants
1209 creatures vanquished.

Vanquished Creatures (collateral kills)
  An orb spider (Spider:4)
  A redback (Spider:4)
  A tarantella (Spider:4)
3 creatures vanquished.

Vanquished Creatures (others)
  4 humans (Spider:2)
  A slave (D:7)
  A bullfrog (D:7)
  An adder (D:7)
  2 orcs (D:12)
  2 jackals
  3 kobolds (D:10)
  2 bushes
  31 fungi
  55 plants
  A withered plant (D:15)
103 creatures vanquished.

Grand Total: 1315 creatures vanquished

Notes
Turn   | Place    | Note
-------+----------+-------------------------------------------
     0 | D:1      | Monsterracer the Ogre Arcane Marksman began the quest for the Orb.
     0 | D:1      | Reached XP level 1. HP: 19/19 MP: 2/2
    24 | D:1      | HP: 9/19 [giant cockroach (1)]
   472 | D:1      | Reached XP level 2. HP: 28/28 MP: 3/3
  1371 | D:2      | Reached skill level 3 in Throwing
  1371 | D:2      | Reached XP level 3. HP: 29/35 MP: 4/4
  1615 | D:2      | Found a shadowy altar of Dithmenos.
  2288 | D:2      | Reached XP level 4. HP: 25/44 MP: 5/5
  3373 | D:4      | Learned a level 3 spell: Portal Projectile
  3403 | D:4      | Reached skill level 4 in Throwing
  3403 | D:4      | Reached XP level 5. HP: 53/53 MP: 6/6
  3543 | D:4      | HP: 27/54 [orc/dagger (1)]
  3611 | D:4      | Reached skill level 1 in Polearms
  3821 | D:4      | HP: 25/54 [worker ant (7)]
  3826 | D:4      | HP: 20/54 [poisoned by a worker ant]
  3831 | D:4      | HP: 18/54 [poisoned by a worker ant]
  3838 | D:4      | HP: 16/54 [poisoned by a worker ant]
  3845 | D:4      | HP: 15/54 [poisoned by a worker ant]
  3853 | D:4      | HP: 15/54 [poisoned by a worker ant]
  4199 | D:4      | HP: 23/54 [worker ant (7)]
  4201 | D:4      | Reached XP level 6. HP: 23/62 MP: 7/7
  4203 | D:4      | HP: 8/62 [gnoll/whip (5)]
  4251 | D:4      | HP: 14/62 [gnoll/whip (3)]
  4268 | D:3      | HP: 8/62 [gnoll/whip (9)]
  4615 | D:4      | Noticed a phantom
  4660 | D:4      | Reached skill level 5 in Throwing
  4841 | D:4      | HP: 31/63 [poisoned by a worker ant]
  4847 | D:4      | HP: 28/63 [poisoned by a worker ant]
  4855 | D:4      | HP: 21/63 [poisoned by a worker ant]
  4871 | D:4      | HP: 21/63 [phantom (3)]
  4897 | D:4      | HP: 23/63 [phantom (3)]
  4913 | D:4      | HP: 26/63 [phantom (1)]
  4932 | D:4      | Killed a phantom
  5173 | D:4      | HP: 31/63 [poisoned by a worker ant]
  5177 | D:4      | Reached skill level 1 in Armour
  5178 | D:4      | HP: 25/63 [poisoned by a worker ant]
  5183 | D:4      | HP: 23/63 [poisoned by a worker ant]
  5188 | D:4      | HP: 22/63 [poisoned by a worker ant]
  5195 | D:4      | HP: 22/63 [poisoned by a worker ant]
  5203 | D:4      | HP: 21/63 [poisoned by a worker ant]
  5612 | D:4      | Reached XP level 7. HP: 65/71 MP: 8/8
  5719 | D:5      | Entered Level 5 of the Dungeon
  5776 | D:5      | HP: 35/71 [poisoned by a worker ant]
  5781 | D:5      | HP: 34/71 [poisoned by a worker ant]
  5788 | D:5      | HP: 34/71 [poisoned by a worker ant]
  5796 | D:5      | HP: 34/71 [poisoned by a worker ant]
  5971 | D:5      | Found a staircase to the Ecumenical Temple.
  5977 | Temple   | Entered the Ecumenical Temple
  6009 | Temple   | Became a worshipper of Warmaster Okawaru
  6067 | D:5      | Found a blossoming altar of Fedhas.
  6315 | D:5      | Found a sand-covered staircase.
  6404 | D:5      | Reached skill level 5 in Fighting
  6404 | D:5      | Reached skill level 6 in Throwing
  6404 | D:5      | Reached skill level 1 in Invocations
  7080 | D:5      | Learned a level 4 spell: Cause Fear
  7184 | D:5      | Reached XP level 8. HP: 81/81 MP: 9/9
  7275 | D:5      | Reached * piety under Okawaru
  7995 | D:6      | HP: 41/83 [orc warrior/halberd (13)]
  8009 | D:6      | HP: 32/83 [orc warrior/halberd (12)]
  8383 | D:6      | Reached skill level 7 in Throwing
  8400 | D:6      | Noticed Rhok's ghost (amateur FeWr)
  8413 | D:6      | HP: 37/83 [orc warrior/halberd (7)]
  8419 | D:6      | Killed Rhok's ghost
  8530 | D:6      | Reached XP level 9. HP: 66/92 MP: 11/11
  8729 | D:6      | Learned a level 2 spell: Blink
  9467 | D:6      | Got a dazzling falchion
  9468 | D:6      | Identified the +3 falchion "Grim Tooth" {slice, rPois MR- Int+8 SInv} (You found it on level 6 of the Dungeon)
  9496 | D:7      | Noticed Menkaure
  9586 | D:6      | HP: 44/92 [orc warrior/hand axe (3)]
  9587 | D:6      | Reached ** piety under Okawaru
  9587 | D:6      | Reached skill level 8 in Throwing
  9781 | D:7      | HP: 45/92 [??? (42)]
  9789 | D:6      | HP: 42/92 [orc/flail of protection (2)]
 10115 | D:7      | HP: 46/92 [Menkaure/nerve-wracking pain (1)]
 10324 | D:7      | Killed Menkaure
 10432 | D:7      | Found an ancient bone altar of Kikubaaqudgha.
 10435 | D:7      | Found a hazy altar of Hepliaklqana.
 10657 | D:7      | Noticed Pikel
 10676 | D:7      | Killed Pikel
 10676 | D:7      | Reached skill level 5 in Polearms
 11053 | D:7      | Reached XP level 10. HP: 76/104 MP: 13/13
 11251 | D:7      | Found a sacrificial altar of Ru.
 11253 | D:7      | Found a radiant altar of Vehumet.
 11299 | D:7      | Reached skill level 9 in Throwing
 11299 | D:7      | Reached skill level 5 in Invocations
 11365 | D:7      | Noticed Joseph
 11371 | D:7      | Found a shattered altar of Ashenzari.
 11371 | D:7      | HP: 52/104 [Joseph/uncursed quarterstaff (13)]
 11375 | D:7      | Killed Joseph
 11375 | D:7      | Reached *** piety under Okawaru
 11398 | D:7      | HP: 44/104 [crimson imp/dagger (1)]
 11424 | D:7      | HP: 50/104 [crimson imp/dagger (1)]
 11931 | D:8      | Noticed a two-headed ogre
 11984 | D:7      | HP: 51/104 [two-headed ogre/dire flail (11)]
 12042 | D:7      | Killed a two-headed ogre
 12103 | D:8      | Received a gift from Okawaru
 12581 | D:8      | Noticed a two-headed ogre
 12661 | D:8      | HP: 40/106 [two-headed ogre/giant spiked club (27)]
 12669 | D:8      | Killed a two-headed ogre
 12672 | D:8      | HP: 23/106 [hound (1)]
 13046 | D:8      | Received a gift from Okawaru
 13073 | D:8      | Reached skill level 10 in Throwing
 13157 | D:8      | Noticed Grum
 13185 | D:8      | Killed Grum
 13191 | D:8      | HP: 52/107 [wolf[Grum] (8)]
 13478 | D:8      | Reached skill level 5 in Armour
 13505 | D:8      | Reached XP level 11. HP: 110/115 MP: 15/15
 13704 | D:8      | Reached **** piety under Okawaru
 14997 | D:9      | Found a glowing silver altar of Zin.
 14998 | D:9      | Noticed an angel
 15000 | D:9      | Found a shimmering altar of Xom.
 15637 | D:9      | Noticed Erica
 15640 | D:9      | HP: 57/117 [gnoll/spear (3)]
 15647 | D:9      | HP: 56/117 [poisoned by a gnoll sergeant]
 15654 | D:8      | HP: 56/117 [poisoned by a gnoll sergeant]
 15662 | D:8      | HP: 56/117 [poisoned by a gnoll sergeant]
 15930 | D:9      | Killed Erica
 15930 | D:9      | Reached skill level 11 in Throwing
 16184 | D:9      | Received a gift from Okawaru
 16184 | D:9      | Reached skill level 10 in Fighting
 16196 | D:9      | Reached ***** piety under Okawaru
 16227 | D:9      | Received a gift from Okawaru
 16444 | D:9      | Found a snail-covered altar of Cheibriados.
 16553 | D:10     | Entered Level 10 of the Dungeon
 16553 | D:10     | Noticed a catoblepas
 16585 | D:9      | HP: 58/117 [catoblepas/blast of calcifying dust (6)]
 16589 | D:9      | Killed a catoblepas
 16815 | D:10     | Gained mutation: You are agile. (Dex +2) [mutagenic meat]
 16816 | D:10     | Gained mutation: Your magical capacity is low. (-10% MP) [mutagenic meat]
 16817 | D:10     | Gained mutation: You are partially covered in slimy green scales. (AC +2) [mutagenic meat]
 16819 | D:10     | Gained mutation: You have a pair of small horns on your head. [mutagenic meat]
 16969 | D:10     | HP: 56/118 [bullfrog (5)]
 16975 | D:10     | HP: 49/118 [bullfrog (2)]
 16981 | D:10     | HP: 48/118 [bullfrog (3)]
 16986 | D:10     | HP: 36/118 [electric eel/bolt of electricity (13)]
 17310 | D:10     | HP: 51/118 [gargoyle/morningstar (12)]
 17311 | D:10     | Received a gift from Okawaru
 17745 | D:10     | Noticed Urug
 17782 | D:10     | HP: 57/119 [Urug/double sword of slicing (7)]
 17784 | D:10     | Killed Urug
 17784 | D:10     | Reached XP level 12. HP: 60/127 MP: 14/15
 17790 | D:10     | HP: 59/127 [wolf (2)]
 17884 | D:10     | Received a gift from Okawaru
 18162 | D:10     | Found a staircase to the Lair.
 18314 | D:10     | Noticed a two-headed ogre
 18330 | D:10     | HP: 57/128 [two-headed ogre/giant spiked club (23)]
 18332 | D:10     | HP: 25/128 [two-headed ogre/giant spiked club (12)]
 18333 | D:10     | Killed a two-headed ogre
 18754 | D:10     | Found a radiant altar of Vehumet.
 19292 | D:10     | Reached skill level 12 in Throwing
 19465 | Lair:1   | Entered Level 1 of the Lair of Beasts
 19979 | Lair:1   | Noticed a five-headed hydra
 19984 | Lair:1   | Killed a five-headed hydra
 20280 | Lair:1   | Noticed a seven-headed hydra
 20285 | Lair:1   | Killed a seven-headed hydra
 20579 | Lair:1   | HP: 61/130 [komodo dragon (15)]
 21001 | Lair:1   | Noticed Gastronok
 21009 | Lair:1   | Killed Gastronok
 21245 | Lair:1   | Noticed a five-headed hydra
 21254 | Lair:1   | Killed a five-headed hydra
 21254 | Lair:1   | Received a gift from Okawaru
 21254 | Lair:1   | Reached XP level 13. HP: 134/139 MP: 17/17
 21293 | Lair:1   | Noticed Harold
 21315 | Lair:1   | Killed Harold
 21319 | Lair:1   | Got a fine dagger
 21320 | Lair:1   | Identified the +5 dagger of Suazar {pierce, Str+3 Int+5 Stlth+} (You found it on level 1 of the Lair of Beasts)
 21726 | Lair:2   | Received a gift from Okawaru
 21728 | Lair:2   | Reached skill level 13 in Throwing
 21773 | Lair:2   | Reached ****** piety under Okawaru
 21845 | Lair:2   | HP: 68/140 [yak (9)]
 21852 | Lair:2   | HP: 64/140 [yak (5)]
 21857 | Lair:2   | HP: 46/140 [yak (4)]
 22353 | Lair:2   | HP: 67/140 [yak (7)]
 22359 | Lair:2   | HP: 55/140 [yak (10)]
 22364 | Lair:2   | HP: 36/140 [yak (7)]
 22929 | Lair:2   | Found a staircase to the Shoals.
 23385 | Lair:3   | Found a hole to the Spider Nest.
 23975 | Lair:4   | Found an iron altar of Okawaru.
 24142 | Lair:4   | Noticed Nergalle
 24146 | Lair:4   | Killed Nergalle
 24367 | Lair:4   | Received a gift from Okawaru
 24851 | Lair:5   | Reached skill level 5 in Dodging
 24857 | Lair:5   | HP: 57/141 [komodo dragon (18)]
 25276 | Lair:5   | Found a viscous altar of Jiyva.
 25276 | Lair:5   | Found a staircase to the Slime Pits.
 25585 | Lair:5   | Identified the +3 great sword of Unlaufuc {flame, Str+3} (You found it on level 5 of the Lair of Beasts)
 25646 | Lair:6   | Entered Level 6 of the Lair of Beasts
 25680 | Lair:6   | HP: 67/141 [spiny frog (15)]
 25685 | Lair:6   | HP: 58/141 [poisoned by a spiny frog]
 25690 | Lair:5   | HP: 38/141 [poisoned by a spiny frog]
 25691 | Lair:5   | HP: 17/141 [spiny frog (9)]
 25696 | Lair:5   | HP: 15/211 [poisoned by a spiny frog]
 25702 | Lair:5   | HP: 15/211 [poisoned by a spiny frog]
 25710 | Lair:5   | HP: 17/211 [poisoned by a spiny frog]
 26197 | Lair:6   | HP: 67/141 [blink frog (8)]
 26203 | Lair:6   | HP: 60/141 [blink frog (8)]
 26390 | Lair:6   | Received a gift from Okawaru
 26649 | Lair:6   | Received a gift from Okawaru
 26669 | Lair:6   | Reached skill level 14 in Throwing
 26687 | Lair:6   | Reached XP level 14. HP: 150/150 MP: 18/18
 26781 | Lair:6   | Received a gift from Okawaru
 26863 | Lair:6   | HP: 64/150 [komodo dragon (23)]
 26868 | Lair:6   | HP: 59/150 [poisoned by a spiny frog]
 26874 | Lair:6   | HP: 57/150 [poisoned by a spiny frog]
 26879 | Lair:5   | HP: 40/150 [poisoned by a spiny frog]
 26885 | Lair:5   | HP: 41/150 [poisoned by a spiny frog]
 26893 | Lair:5   | HP: 41/150 [poisoned by a spiny frog]
 27261 | Lair:6   | Received a gift from Okawaru
 27263 | Lair:6   | Reached skill level 10 in Polearms
 27284 | Lair:6   | HP: 74/150 [blink frog (11)]
 27349 | Lair:6   | HP: 75/150 [blink frog (6)]
 28335 | Lair:6   | HP: 70/153 [blink frog (7)]
 28349 | Lair:6   | HP: 58/153 [blink frog (2)]
 29324 | Lair:6   | HP: 73/153 [tyrant leech (13)]
 29329 | Lair:6   | HP: 65/153 [vampire mosquito (8)]
 29906 | Lair:6   | Reached skill level 1 in Shields
 30132 | D:11     | Noticed Erolcha
 30309 | D:11     | Killed Erolcha
 30309 | D:11     | Received a gift from Okawaru
 30331 | D:11     | Noticed Sonja
 30336 | D:11     | Killed Sonja
 30814 | D:11     | Found a staircase to the Orcish Mines.
 31120 | Orc:1    | Entered Level 1 of the Orcish Mines
 31366 | Orc:2    | Entered Level 2 of the Orcish Mines
 31448 | Orc:2    | Found a staircase to the Elven Halls.
 31461 | Orc:2    | Received a gift from Okawaru
 31998 | Orc:1    | Reached skill level 5 in Shields
 32075 | Orc:1    | You fall through a shaft!
 32075 | Orc:2    | Found a roughly hewn altar of Beogh.
 32853 | Orc:2    | Reached XP level 15. HP: 145/161 MP: 19/19
 32920 | Orc:2    | Noticed an orc warlord
 32939 | Orc:2    | HP: 69/161 [orc sorcerer/bolt of negative energy (42)]
 32944 | Orc:2    | Killed an orc warlord
 32947 | Orc:2    | HP: 42/161 [orc sorcerer/bolt of negative energy (30)]
 32955 | Orc:2    | HP: 34/161 [orc high priest/divine providence (11)]
 33937 | Orc:2    | Received a gift from Okawaru
 33956 | Orc:2    | HP: 77/161 [soul eater/drain life[an orc high priest] (9)]
 34008 | Orc:2    | HP: 79/161 [orc knight/war axe (7)]
 34310 | Orc:2    | Reached skill level 15 in Throwing
 34608 | Orc:2    | Found Zagoabu's Antique Armour Shoppe.
 34609 | Orc:2    | Found Silucy's Antique Weapon Shoppe.
 34610 | Orc:2    | Found Esea's General Store.
 34610 | Orc:2    | Found Dihete Mecue's Jewellery Emporium.
 34635 | Orc:2    | Bought a +4 ring of protection for 468 gold pieces
 35184 | D:12     | Received a gift from Okawaru
 35397 | D:12     | Received a gift from Okawaru
 35898 | D:12     | HP: 78/162 [ice devil (7)]
 36165 | D:12     | Received a gift from Okawaru
 36493 | D:12     | Learned a level 1 spell: Summon Butterflies
 36909 | D:13     | Noticed Frances
 36911 | D:13     | Noticed Azrael
 36930 | D:13     | HP: 48/163 [Frances/shard of ice (51)]
 36933 | D:13     | Killed Frances
 36939 | D:13     | Killed Azrael
 37186 | D:13     | Received a gift from Okawaru
 37364 | D:13     | Noticed Rupert
 37377 | D:13     | Killed Rupert
 37623 | D:13     | HP: 78/165 [acid (15)]
 37628 | D:13     | HP: 73/165 [vampire mosquito (7)]
 37633 | D:13     | HP: 71/165 [vampire mosquito (2)]
 37639 | D:13     | HP: 58/165 [vampire mosquito (6)]
 38062 | D:13     | Learned a level 2 spell: Passwall
 38172 | D:13     | Found a gate to the Vaults.
 38196 | D:13     | Reached skill level 16 in Throwing
 38486 | D:13     | Received a gift from Okawaru
 38647 | D:14     | Found Ruheoph's Magic Scroll Shop.
 38656 | D:14     | Bought a scroll of acquirement for 728 gold pieces
 38863 | D:14     | Reached XP level 16. HP: 174/174 MP: 19/19
 38869 | D:14     | Found a glowing golden altar of the Shining One.
 40022 | D:15     | Entered Level 15 of the Dungeon
 40487 | D:15     | Found a staircase to the Depths.
 40550 | D:15     | Reached skill level 15 in Fighting
 41799 | D:11     | Received a gift from Okawaru
 41947 | Orc:2    | Bought the ring of Oblikaf {MR+ MP+9} for 661 gold pieces
 42179 | Spider:1 | Entered Level 1 of the Spider Nest
 42204 | Spider:1 | Noticed vineage's ghost (adept DsFi)
 42227 | Spider:1 | HP: 87/176 [poisoned by vineage's ghost]
 42232 | Spider:1 | HP: 55/176 [poisoned by vineage's ghost]
 42238 | Spider:1 | HP: 51/176 [vineage's ghost (2)]
 42245 | Spider:1 | Killed vineage's ghost
 42245 | Spider:1 | HP: 49/176 [poisoned by vineage's ghost]
 42251 | Spider:1 | HP: 49/176 [poisoned by vineage's ghost]
 42257 | Spider:1 | HP: 49/176 [poisoned by vineage's ghost]
 42265 | Spider:1 | HP: 50/176 [poisoned by vineage's ghost]
 43265 | Spider:1 | Reached skill level 17 in Throwing
 43488 | Spider:1 | HP: 84/176 [emperor scorpion (8)]
 43493 | Spider:1 | HP: 70/176 [poisoned by an emperor scorpion]
 43498 | Spider:1 | HP: 61/176 [poisoned by an emperor scorpion]
 43503 | Spider:1 | HP: 55/176 [poisoned by an emperor scorpion]
 43508 | Spider:1 | HP: 50/176 [poisoned by an emperor scorpion]
 43513 | Spider:1 | HP: 48/176 [poisoned by an emperor scorpion]
 43518 | Spider:1 | HP: 47/176 [poisoned by an emperor scorpion]
 43523 | Spider:1 | HP: 47/176 [poisoned by an emperor scorpion]
 43530 | Spider:1 | HP: 48/176 [poisoned by an emperor scorpion]
 43538 | Spider:1 | HP: 49/176 [poisoned by an emperor scorpion]
 43567 | Spider:1 | HP: 59/176 [jumping spider (1)]
 43632 | Spider:1 | Received a gift from Okawaru
 43633 | Spider:1 | HP: 78/176 [redback (7)]
 44068 | Spider:1 | Received a gift from Okawaru
 44193 | Spider:1 | Identified the +8 dagger of Vengeance {drain, Str-2 Dex+5} (You found it on level 1 of the Spider Nest)
 44345 | Spider:1 | Received a gift from Okawaru
 44348 | Spider:1 | Identified the +0 hat of Maivomad {rElec rC+ Regen+ Slay+2} (Okawaru gifted it to you on level 1 of the Spider Nest)
 44494 | Spider:1 | Reached XP level 17. HP: 174/185 MP: 20/20
 45522 | Spider:2 | Noticed Kirke
 45526 | Spider:2 | Killed Kirke
 46526 | Spider:3 | HP: 82/187 [wolf spider (16)]
 47168 | Spider:3 | Paralysed by a hornet for 2 turns
 47171 | Spider:3 | HP: 94/188 [poisoned by a wolf spider]
 47173 | Spider:3 | HP: 43/188 [wolf spider (9)]
 47178 | Spider:3 | HP: 53/188 [poisoned by a wolf spider]
 47183 | Spider:3 | HP: 51/188 [poisoned by a wolf spider]
 47189 | Spider:3 | HP: 51/188 [poisoned by a wolf spider]
 47194 | Spider:3 | HP: 51/188 [poisoned by a wolf spider]
 47199 | Spider:3 | HP: 53/188 [poisoned by a wolf spider]
 47205 | Spider:3 | HP: 56/188 [poisoned by a wolf spider]
 47212 | Spider:3 | HP: 60/188 [poisoned by a wolf spider]
 47507 | Spider:3 | Lost mutation: You have a pair of small horns on your head. [mutagenic glow]
 47594 | Spider:3 | Received a gift from Okawaru
 47888 | Spider:4 | Entered Level 4 of the Spider Nest
 47922 | Spider:3 | Reached skill level 18 in Throwing
 48043 | Spider:3 | HP: 94/188 [demonic crawler (6)]
 48423 | Spider:4 | Learned a level 1 spell: Animate Skeleton
 48425 | Spider:4 | Learned a level 1 spell: Apportation
 48675 | Spider:4 | HP: 90/189 [something (5)]
 48680 | Spider:4 | HP: 72/189 [poisoned by a ghost moth]
 48685 | Spider:4 | HP: 62/189 [poisoned by a ghost moth]
 48690 | Spider:4 | HP: 57/189 [poisoned by a ghost moth]
 48695 | Spider:4 | HP: 54/189 [poisoned by a ghost moth]
 48701 | Spider:4 | HP: 54/189 [poisoned by a ghost moth]
 48707 | Spider:4 | HP: 54/189 [poisoned by a ghost moth]
 48714 | Spider:4 | HP: 57/189 [poisoned by a ghost moth]
 48721 | Spider:4 | HP: 61/189 [poisoned by a ghost moth]
 48729 | Spider:4 | HP: 65/189 [poisoned by a ghost moth]
 49227 | Spider:4 | Reached XP level 18. HP: 192/198 MP: 21/21
 49961 | Spider:4 | HP: 99/200 [emperor scorpion (5)]
 49966 | Spider:4 | HP: 86/200 [emperor scorpion (1)]
 49971 | Spider:4 | HP: 70/200 [poisoned by an emperor scorpion]
 49976 | Spider:4 | HP: 54/200 [poisoned by an emperor scorpion]
 49981 | Spider:4 | HP: 46/200 [poisoned by an emperor scorpion]
 49986 | Spider:4 | HP: 42/200 [poisoned by an emperor scorpion]
 49991 | Spider:4 | HP: 40/200 [poisoned by an emperor scorpion]
 49996 | Spider:4 | HP: 39/200 [poisoned by an emperor scorpion]
 50002 | Spider:4 | HP: 40/200 [poisoned by an emperor scorpion]
 50007 | Spider:4 | HP: 41/200 [poisoned by an emperor scorpion]
 50013 | Spider:4 | HP: 44/200 [poisoned by an emperor scorpion]
 50021 | Spider:4 | HP: 49/200 [poisoned by an emperor scorpion]
 50291 | Spider:4 | Paralysed by a hornet for 3 turns
 50300 | Spider:4 | Received a gift from Okawaru
 50663 | Spider:4 | Got a gossamer rune of Zot
 51301 | Shoals:1 | Entered Level 1 of the Shoals
 51486 | Vaults:1 | Entered Level 1 of the Vaults
 51896 | D:13     | HP: 89/201 [large slime creature (25)]
 52128 | Vaults:1 | HP: 91/201 [deep elf archer/arrow (22)]
 52443 | Vaults:1 | HP: 96/201 [vault warden/long sword (25)]
 52451 | Vaults:1 | HP: 94/201 [vault warden/long sword (6)]
 52614 | Vaults:1 | Reached skill level 19 in Throwing
 52678 | Vaults:1 | HP: 97/201 [two-headed ogre/giant club (8)]
 52683 | Vaults:1 | HP: 89/201 [something (6)]
 52689 | Vaults:1 | HP: 83/201 [something (9)]
 53006 | Vaults:1 | HP: 94/201 [ironheart preserver simulacrum[a necromancer] (18)]
 53526 | Vaults:1 | Paralysed by an ogre mage for 7 turns
 53528 | Vaults:1 | HP: 100/202 [two-headed ogre/giant club[a boggart] (8)]
 53529 | Vaults:1 | HP: 36/202 [two-headed ogre/dire flail[a boggart] (15)]
 53530 | Vaults:1 | HP: 8/202 [two-headed ogre/giant club[a boggart] (18)]
 53530 | Vaults:1 | Mangled by a two-headed ogre

Skill      XL: |  1  2  3  4  5  6  7  8  9 10 11 12 13 14 15 16 17 18 |
---------------+-------------------------------------------------------+-----
Fighting       | 2 3 4 5 6 7 9 10 11 12 13 14 15 16 17 | 17.7
Throwing       | 3 4 5 6 7 8 10 11 12 14 16 17 18 19 | 19.2
Polearms       | 1 2 3 4 5 6 7 8 9 10 11 12 13 | 13.1
Armour         | 1 2 3 5 6 7 8 |  8.5
Invocations    | 1 3 4 6 7 8 |  8.1
Dodging        | 3 5 6 7 8 9 |  9.9
Shields        | 6 8 9 |  9.2
Spellcasting   | 3 |  3.0
Unarmed Combat | |  0.6
Hexes          | |  2.6

Action                   |  1- 3 |  4- 6 |  7- 9 | 10-12 | 13-15 | 16-18 || total
-------------------------+-------+-------+-------+-------+-------+-------++-------
Melee: Unarmed           |    64 |       |       |       |       |       ||    64
       Dagger            |   115 |       |       |       |       |       ||   115
       Short sword       |       |    22 |       |       |       |       ||    22
       Spear             |       |   150 |       |   367 |       |       ||   517
       Trident           |       |     9 |   368 |   537 |  1121 |  1520 ||  3555
       Punch             |       |       |       |     2 |     1 |       ||     3
       Headbutt          |       |       |       |    66 |   291 |   168 ||   525
       Glaive            |       |       |       |       |   194 |       ||   194
 Fire: Blowgun           |       |       |       |     3 |     2 |    13 ||    18
Throw: Large rock        |    17 |    30 |    49 |    46 |   140 |   105 ||   387
       Stone             |    53 |    74 |   170 |   202 |       |       ||   499
       Tomahawk          |       |    11 |    11 |    65 |   415 |   511 ||  1013
       Throwing net      |       |     2 |     4 |     4 |     4 |       ||    14
       Javelin           |       |       |       |     5 |    16 |   162 ||   183
 Cast: Corona            |     1 |       |       |       |       |       ||     1
Invok: Heroism           |       |       |       |     4 |     9 |    10 ||    23
       Finesse           |       |       |       |       |       |     1 ||     1
Evoke: Wand              |       |       |     2 |       |       |       ||     2
  Use: Scroll            |       |     9 |     9 |     5 |    13 |    19 ||    55
       Potion            |       |     1 |       |       |     1 |     5 ||     7
 Stab: Sleeping          |     1 |       |       |       |       |       ||     1
       Distracted        |       |       |       |       |     1 |     1 ||     2
       Held in net/web   |       |       |       |       |     1 |       ||     1
       Petrified         |       |       |       |       |     1 |       ||     1
  Eat: Chunk             |     4 |     9 |     9 |    38 |    42 |    29 ||   131
       Bread ration      |       |     1 |     1 |       |       |       ||     2
       Meat ration       |       |       |     1 |       |     4 |     3 ||     8
       Royal jelly       |       |       |     1 |       |       |       ||     1
       Fruit             |       |       |       |     1 |       |     3 ||     4
Armor: Robe              |    45 |    37 |       |       |    15 |       ||    97
       Fire dragon scale |       |    28 |   197 |   383 |   583 |    85 ||  1276
       Skin              |       |     2 |       |       |       |       ||     2
       Acid dragon scale |       |       |       |       |       |   560 ||   560
Dodge: Dodged            |    93 |    88 |   141 |   249 |   480 |   560 ||  1611
Block: Shield            |       |       |       |       |   323 |   841 ||  1164

Vault maps used:
D:1:      minmay_arrival_four_circles
D:2:      nicolae_dithmenos_shadow_blocks
D:4:      first_bread
D:5:      corexii_shantytown, fedhas_bush_and_centaur_altar, temple_green,
          nicolae_ossuary_entry_ruins
D:7:      gammafunk_temple_overflow_forgotten,
          chequers_temple_overflow_statue_of_worship, uniq_joseph, uniq_pikel,
          uniq_menkaure
D:8:      uniq_grum
D:9:      grunt_temple_overflow_order_and_chaos_1, kennysheep_mini,
          grunt_livestock, uniq_erica
D:10:     erik_lair_island, basic_altar, serial_bayou_lake_a, uniq_urug
D:11:     david_orc_2, serial_glass, glass_columns_a, glass_columns_b,
          uniq_erolcha, uniq_sonja
D:12:     portal_ice_cave_demonic_guard
D:13:     lightli_vaults_fourway_checkpoint, uniq_rupert, uniq_azrael,
          uniq_frances
D:14:     serial_shops, shop, minmay_staircase_bubble, tso_metal_star
D:15:     gammafunk_depths_entry_grave, kennysheep_pointless_box, serial_undead,
          serial_undead_b, serial_undead_a, serial_undead_d, serial_undead_c,
          nrook_mini_backslash
Temple:   minmay_temple_bridge_abc
Lair:1:   uniq_gastronok, uniq_harold
Lair:2:   minmay_shoals_entry_hut, enter_volcano_2, serial_bayou_shore_a,
          grunt_megastairs_3
Lair:3:   spider_nest_entry_webs
Lair:4:   basic_altar, serial_bayou_shore_b, uniq_nergalle
Lair:5:   dpeg_slime_entry_enclosed_altar
Lair:6:   minmay_lair_end_frog_pond, serial_bayou_shore_b
Shoals:1: nicolae_shoals_aquamancer_cove
Spider:2: hangedman_spider_mandibles, uniq_kirke
Spider:3: spider_trap
Spider:4: guppyfry_spider_rune, nicolae_spider_cling_ruins
Orc:2:    st_orc_congregation, basic_altar
Vaults:1: dpeg_vaults_monster_row, v_misc_17, nicolae_vaults_little_squares_6,
          hangedman_vaults_nails, nicolae_vaults_circle_grid_a, v_pattern_2,
          vaults_dpeg_spiral, nicolae_vaults_little_squares_4, vaults_dpeg_ring,
          vaults_room_pools, dpeg_vaults_monster_box, hangedman_vaults_maws,
          ontoclasm_vaults_spin
